 Dungeon Crawl Stone Soup version 0.20-a0-700-gbd4582c (webtiles) character file.

118 JNO the Sneak (level 5, -6/38 HPs)
             Began as a Human Assassin on Feb 20, 2017.
             Mangled by azzavlup's ghost (11 damage)
             ... on level 4 of the Dungeon.
             The game lasted 00:17:21 (4140 turns).

JNO the Sneak (Human Assassin)                      Turns: 4140, Time: 00:17:21

Health: -6/38      AC:  7    Str: 11    XL:     5   Next: 23%
Magic:  5/5        EV: 13    Int: 12    God:
Gold:   300        SH:  0    Dex: 15    Spells: 4/4 levels left

rFire    . . .     SeeInvis .   a - +2 dagger
rCold    . . .     Gourm    .   c - +0 robe
rNeg     . . .     Faith    .   (no shield)
rPois    .         Spirit   .   s - +2 helmet
rElec    .         Reflect  .   d - +0 cloak
rCorr    .         Harm     .   k - +0 pair of gloves
MR       .....                  (no boots)
Stlth    +++.......             (no amulet)
Regen    0.2/turn               (no ring)
MPRegen  0.1/turn               q - ring of flight

@: lethally poisoned (-6 -> -22), hasted, very quick
A: no striking features
a: Evoke Flight


You were on level 4 of the Dungeon.
You were not hungry.

You visited 1 branch of the dungeon, and saw 4 of its levels.

You collected 300 gold pieces.

Inventory:

Hand Weapons
 a - a +2 dagger (weapon)
 b - a +0 blowgun
Missiles
 e - 29 poisoned needles
 f - 2 curare-tipped needles
Armour
 c - a +0 robe (worn)
 d - a +0 cloak (worn)
 k - a +0 pair of gloves (worn)
 s - a +2 helmet (worn)
Jewellery
 q - a ring of flight (left hand)
 x - an uncursed amulet of magic regeneration
Wands
 h - a wand of flame (17/48)
 A - a wand of flame (17/48)
Scrolls
 m - 9 scrolls of identify {unknown}
 n - a scroll of remove curse
 o - a scroll of blinking {unknown}
 p - 3 scrolls of recharging {unknown}
 r - a scroll of teleportation {unknown}
 u - a scroll of enchant armour {unknown}
 v - a scroll of enchant weapon {unknown}
 y - a scroll of random uselessness {unknown}
Potions
 i - a potion of brilliance {unknown}
 j - a potion of magic {unknown}
 l - a potion of haste
Books
 z - a book of Maledictions

   Spells                             Type                      Level
   a - Corona                         Hexes                        1
   b - Ensorcelled Hibernation        Hexes/Ice                    2
   c - Confuse                        Hexes                        3
   d - Tukima's Dance                 Hexes                        3
   e - Dazzling Spray                 Conjuration/Hexes            3
Comestibles
 g - 3 bread rations
 t - 2 fruits
 w - 6 chunks of flesh


   Skills:
 + Level 2.1 Fighting
 - Level 3.0 Short Blades
 - Level 2.0 Throwing
 + Level 2.2 Dodging
 - Level 5.4 Stealth


You had 4 spell levels left.
You didn't know any spells.

Dungeon Overview and Level Annotations

Branches:
Dungeon (4/15)
 Temple: D:4-7

Altars:
Makhleb
Qazlal
Yredelemnul

Annotations:
D:3 exclusion: player ghost, pps's ghost, amateur HuFi
D:4 azzavlup's ghost, novice CeCK


Message History

You feel sick. Azzavlup's ghost closely misses you.
You feel sick.
You feel sick. Azzavlup's ghost hits you!
You are lethally poisoned!
You feel very sick.
You feel sick.
You feel sick. Azzavlup's ghost hits you.
* * * LOW HITPOINT WARNING * * *
Things that are here:
a flail; a club; an orc skeleton
* * * LOW HITPOINT WARNING * * *
You feel sick.
* * * LOW HITPOINT WARNING * * *
You feel sick.
Okay, then.
It was a potion of haste.
You feel yourself speed up.
* * * LOW HITPOINT WARNING * * *
You feel sick. Azzavlup's ghost hits you!
You die...

........##._.##..#
......####...##.##
...#### ######.#
..# #.## ..#
#..###### ..#
##......### ..#
##........
..#######
###.....#.#
..r.....##
#.@.#####
#.#####..### #W###
..# ##...####)###
.h# ###.r..h...#
... #####r##.# ...
### ... ... .#. ..
.# # #


You could see a howler monkey, azzavlup's ghost and a quokka.

Vanquished Creatures
  Robin (D:1)
  2 adders
  An ooze (D:2)
  2 worms (D:3)
  8 orcs
  A ball python (D:1)
  3 bats
  A giant cockroach (D:1)
  12 goblins
  11 hobgoblins
  5 jackals (D:1)
  8 kobolds
  2 frilled lizards
  A jackal skeleton (D:4)
  6 rats
64 creatures vanquished.

Vanquished Creatures (others)
  A human (D:4)
  An orc wizard (D:4)
  A worker ant (D:4)
  A howler monkey skeleton (D:4)
  An orc (D:4)
5 creatures vanquished.

Grand Total: 69 creatures vanquished

Notes
Turn   | Place    | Note
-------+----------+-------------------------------------------
     0 | D:1      | JNO the Human Assassin began the quest for the Orb.
     0 | D:1      | Reached XP level 1. HP: 16/16 MP: 1/1
   148 | D:1      | Reached XP level 2. HP: 22/22 MP: 2/2
   516 | D:1      | Reached XP level 3. HP: 24/27 MP: 3/3
   882 | D:2      | Noticed a water elemental
   912 | D:2      | Found a stormy altar of Qazlal.
   915 | D:2      | Noticed an earth elemental
   915 | D:2      | Noticed an air elemental
   915 | D:2      | Noticed a fire elemental
  1115 | D:2      | Found a burning altar of Makhleb.
  1153 | D:2      | Noticed Robin
  1375 | D:1      | Killed Robin
  1375 | D:1      | Reached XP level 4. HP: 14/33 MP: 4/4
  2402 | D:3      | Reached skill level 5 in Stealth
  2629 | D:3      | Noticed pps's ghost (amateur HuFi)
  3461 | D:3      | Reached XP level 5. HP: 32/38 MP: 5/5
  3957 | D:4      | Found a runed door.
  3957 | D:4      | Noticed a human
  3958 | D:4      | Found a basalt altar of Yredelemnul.
  4095 | D:4      | Killed a human
  4118 | D:4      | Noticed azzavlup's ghost (novice CeCK)
  4121 | D:4      | Noticed a howler monkey
  4140 | D:4      | Mangled by azzavlup's ghost

Vault maps used:
D:1:      saegor_arrival_simple_d
D:2:      lemuel_crystal_altar, nicolae_qazlal_style_of_elements, uniq_robin
D:3:      first_bread, kennysheep_flooded_box
D:4:      nicolae_overflow_crystal_walls, dk_yredelemnul_ordeal

Skill      XL: |  1  2  3  4 |
---------------+-------------+-----
Dodging        | 2 |  2.2
Short Blades   | 3 |  3.0
Stealth        | 5 |  5.4
Fighting       | |  2.1
Throwing       | |  2.0

Action                   |  1- 3 |  4- 6 || total
-------------------------+-------+-------++-------
Melee: Dagger            |    94 |   163 ||   257
Evoke: Wand              |       |     4 ||     4
  Use: Scroll            |     2 |     1 ||     3
       Potion            |       |     1 ||     1
 Stab: Sleeping          |     5 |     2 ||     7
       Distracted        |     1 |     1 ||     2
  Eat: Chunk             |     1 |     5 ||     6
       Fruit             |       |     2 ||     2
       Royal jelly       |       |     1 ||     1
Armor: Robe              |    15 |    30 ||    45
Dodge: Dodged            |    49 |    60 ||   109
